 Dungeon Crawl Stone Soup version 0.28-a0-239-g68911e0c57 (webtiles) character file.

Game seed: 13238455784517487878

340 sorkRocket the Shield-Bearer (level 6, -3/61 HPs)
             Began as a Troll Fighter on Aug 23, 2021.
             Was a Plaything of Xom.
             Slain by a killer bee (8 damage)
             ... on level 2 of the Dungeon.
             The game lasted 00:21:52 (2138 turns).

sorkRocket the Shield-Bearer (Troll Fighter)        Turns: 2138, Time: 00:21:52

Health: -3/61      AC:  4    Str: 33    XL:     6   Next: 30%
Magic:  5/5        EV:  8    Int:  4    God:    Xom [*.....]
Gold:   115        SH:  7    Dex:  9    Spells: 4/5 levels left

rFire   . . .      SeeInvis .   a - +0 long sword
rCold   . . .      Faith    .   c - +0 kite shield
rNeg    . . .      Spirit   .   b - +0 robe
rPois   .          Reflect  .   (helmet restricted)
rElec   .          Harm     .   (no cloak)
rCorr   .          Rampage  .   (gloves unavailable)
Will    .....                   (boots unavailable)
Stlth   +.........              (no amulet)
HPRegen 1.20/turn               j - +6 ring of strength
MPRegen 0.09/turn               (no ring)

@: lethally poisoned (-3 -> -4)
A: large, unfitting armour, claws 3, regeneration 1, shaggy fur 1, tough skin 1
a: Renounce Religion


You were on level 2 of the Dungeon.
You worshipped Xom.
You were a special plaything of Xom.
You visited 1 branch of the dungeon, and saw 4 of its levels.

You collected 115 gold pieces.

Inventory:

Hand Weapons
 a - a +0 long sword (weapon)
 f - a +0 spear
 k - a +0 vorpal spear
Missiles
 e - 43 arrows
Armour
 b - a +0 robe (worn)
 c - a +0 kite shield (worn)
 i - a +0 chain mail
Jewellery
 j - a +6 ring of strength (left claw)
Scrolls
 h - a scroll of identify {unknown}
 n - a scroll of fog {unknown}
 o - a scroll of silence {unknown}
 p - a scroll of holy word {unknown}
Potions
 d - a potion of might
 g - a potion of attraction {unknown}
 l - a potion of mutation {unknown}
 m - a potion of invisibility {unknown}


   Skills:
 + Level 3.1 Fighting
 + Level 3.3 Long Blades
 + Level 3.5 Dodging
 + Level 0.4 Stealth
 + Level 3.6 Shields


You had 4 spell levels left.
You knew the following spells:

 Your Spells              Type           Power      Damage    Failure   Level
a - Foxfire               Conj/Fire      0%         2x1d4     88%         1

Your spell library contained the following spells:

 Spells                   Type           Power      Damage    Failure   Level
 Conjure Flame            Conj/Fire      0%         6-21      99%         3
 Inner Flame              Hex/Fire       0%         N/A       99%         3
 Stone Arrow              Conj/Erth      0%         3d7       99%         3
 Bolt of Magma            Conj/Fire/Erth 0%         4d4       100%        5
 Shatter                  Erth           0%         3d5*      100%        9


Dungeon Overview and Level Annotations

Branches:
Dungeon (4/15)
 Temple: D:4-7

Altars:
Xom

Shops:
D:2 ((


Innate Abilities, Weirdness & Mutations

You are too large for most types of armour.
You have claws for hands.
Your natural rate of healing is unusually fast.
You are covered in fur. (AC +1)
You have tough skin. (AC +1)


Message History

You barely miss the river rat.
You hear Xom's avuncular chuckle.
The river rat evaporates and reforms as a killer bee!
You are now a special plaything of Xom.
You block the killer bee's attack. The adder bites you.
The adder bites you but does no damage. You block the killer bee's attack.
The adder bites you but does no damage. The adder bites you.
You are poisoned.
The adder poisons you!
You feel sick.
The killer bee stings you but does no damage.
The killer bee closely misses you.
Your shield prevents you from hitting the giant cockroach.
You feel sick. The killer bee stings you! The killer bee barely misses you.
The adder bites you.
You are more poisoned.
The adder poisons you! You block the giant cockroach's attack.
The killer bee stings you! The adder closely misses you.
The giant cockroach bites you but does no damage.
The adder closely misses you.
You riposte.
You miss the adder. You slash the giant cockroach!
You kill the giant cockroach!
You feel very sick. The killer bee stings you.
* * * LOW HITPOINT WARNING * * *
The killer bee barely misses you. The adder bites you.
* * * LOW HITPOINT WARNING * * *
You are more poisoned.
The adder poisons you! The killer bee stings you.
* * * LOW HITPOINT WARNING * * *
The adder closely misses you.
You feel very sick. The adder bites you but does no damage.
The killer bee barely misses you.
You riposte.
You barely miss the killer bee. You open the door.
You feel sick. You block the killer bee's attack.
The adder bites you but does no damage. The killer bee barely misses you.
Found Lereano's Antique Weapon Shop.
You feel sick. The killer bee stings you!
You die...
Xom roars with laughter!

........##..♣...# .#
...###..#.......##.#
#.... #.....♣..<.#
..### #..>..?...#
....# #.....♣..###
....# #......l....
.†..# ##..♣.wS##
.........##..OSy.#
..#####...#.##S#@#
#.# ...##.+∩+ #.#
#..w.#..#+# #.#
##...#.(. #.#
#....... #.#
#.#...... ..
b....###+ ##


You could see an ogre, a worm, a killer bee, 2 adders and a frilled lizard.

Vanquished Creatures
  A hound (D:3)
  An orc priest (D:3)
  An iguana (D:3)
  An orc wizard (D:4)
  4 gnolls (D:2)
  An adder (D:4)
  2 worms (D:3)
  A dart slug (D:2)
  3 orcs (D:3)
  A ball python (D:3)
  4 bats
  3 endoplasms
  2 giant cockroaches
  3 hobgoblins
  9 kobolds
  3 quokkas
  4 frilled lizards
  6 goblins
50 creatures vanquished.

Vanquished Creatures (collateral kills)
  Menkaure (D:4)
  An ogre (D:4)
  An orc priest (D:4)
  An orc (D:4)
4 creatures vanquished.

Vanquished Creatures (others)
  2 fungi
  3 plants (D:3)
5 creatures vanquished.

Grand Total: 59 creatures vanquished

Notes
Turn   | Place    | Note
-------+----------+-------------------------------------------
     0 | D:1      | sorkRocket the Troll Fighter began the quest for the Orb.
     0 | D:1      | Reached XP level 1. HP: 22/22 MP: 0/0
   242 | D:1      | Reached XP level 2. HP: 29/29 MP: 1/1
   658 | D:2      | Reached XP level 3. HP: 36/36 MP: 2/2
   868 | D:2      | Reached XP level 4. HP: 38/44 MP: 3/3
  1006 | D:2      | Found Yvo Iqec's Weapon Boutique.
  1073 | D:3      | Found a shimmering altar of Xom.
  1104 | D:3      | Became a worshipper of Xom of Chaos
  1211 | D:3      | XOM: potion effect (berserk rage)
  1222 | D:3      | XOM: potion effect (invisibility)
  1248 | D:3      | Reached XP level 5. HP: 47/50 MP: 4/4
  1461 | D:3      | Learned a level 1 spell: Foxfire
  1581 | D:4      | Noticed an ogre
  1606 | D:4      | XOM: potion effect (haste)
  1608 | D:4      | XOM: noise
  1610 | D:4      | XOM: summons 4 friendly demons
  1654 | D:4      | XOM: fog
  1675 | D:3      | XOM: cast spell 'Statue Form'
  1690 | D:3      | XOM: 1-stop teleportation journey
  1753 | D:4      | XOM: summons 4 friendly demons
  1967 | D:4      | Noticed Menkaure
  1967 | D:4      | Noticed an ogre
  1973 | D:4      | XOM: scenery: summon butterflies
  2043 | D:4      | Killed an ogre
  2083 | D:4      | Killed Menkaure
  2084 | D:4      | Reached XP level 6. HP: 24/61 MP: 5/5
  2096 | D:3      | XOM: fog
  2128 | D:2      | XOM: polymorph ball python -> river rat
  2132 | D:2      | XOM: polymorph river rat -> killer bee
  2137 | D:2      | Found Lereano's Antique Weapon Shop.
  2138 | D:2      | Slain by a killer bee

Illustrated notes

Levels and vault maps discovered:
D:1:      minmay_arrival_plants_in_alcoves, layout_basic,
          hellmonk_ecumenical_altar_leap_of_faith,
          corexii_item_surrounded_by_moat
D:2:      layout_basic, serial_shops, nicolae_square_shop,
          nicolae_shop_behind_doors, grunt_ministairs_9, hangedman_decor_lopped,
          lightli_corner_chamber, uniq_crazy_yiuf_cottage
D:3:      layout_rooms, mainiacjoe_overflow_boulevard, corexii_shack,
          nrook_mini_backslash
D:4:      layout_basic, uniq_pikel, uniq_menkaure

Skill      XL: |  1  2  3  4  5 |
---------------+----------------+-----
Long Blades    | 2 3 |  3.3
Shields        | 3 |  3.6
Dodging        | 3 |  3.5
Fighting       | 3 |  3.1
Stealth        | |  0.4

Action                   |  1- 3 |  4- 6 || total
-------------------------+-------+-------++-------
Melee: Long sword        |   103 |   102 ||   205
Throw: Throwing net      |       |     1 ||     1
 Stab: Sleeping          |     1 |       ||     1
       Invisible         |       |     2 ||     2
Armor: Robe              |    46 |    55 ||   101
       Skin              |       |     5 ||     5
Dodge: Dodged            |    45 |    62 ||   107
Block: Kite shield       |    53 |    57 ||   110
       Rpst.: Long sword |    13 |    20 ||    33

Table legend: (Time is in decaauts)
 A = Elapsed time spent in this place.
 B = Non-inter-level travel time spent in this place.
 C = Inter-level travel time spent in this place.
 D = Time resting spent in this place.
 E = Time spent auto-exploring this place.
 F = Levels seen in this place.
 G = Mean time per level.
                   A        B        C        D        E       F      G
               +--------+--------+--------+--------+--------+-----+--------+
         Total |   2266 |   2266 |      0 |     45 |      0 |   4 |  566.5 |
       Dungeon |   2266 |   2266 |      0 |     45 |      0 |   4 |  566.5 |
               +--------+--------+--------+--------+--------+-----+--------+

Top non-repeatable levels by time:
     D:2: 785 daAuts
     D:3: 665 daAuts
     D:4: 452 daAuts
     D:1: 363 daAuts
